 Dungeon Crawl Stone Soup version 0.28.0-43-g3370ac3207 (webtiles) character file.

Game seed: 11549635108056538220

4 ZappyNine the Caller (level 1, -1/14 HPs)
             Began as a Merfolk Summoner on Mar 30, 2022.
             Slain by a quokka (2 damage)
             ... on level 1 of the Dungeon.
             The game lasted 00:00:24 (282 turns).

ZappyNine the Caller (Merfolk Summoner)              Turns: 282, Time: 00:00:25

Health: -1/14      AC:  2    Str:  8    XL:     1   Next: 60%
Magic:  1/3        EV: 12    Int: 14    God:
Gold:   18         SH:  0    Dex: 14    Spells: 3/4 levels left

rFire   . . .      SeeInvis .   c - +0 dagger
rCold   . . .      Faith    .   (no shield)
rNeg    . . .      Spirit   .   a - +0 robe
rPois   .          Reflect  .   (no helmet)
rElec   .          Harm     .   (no cloak)
rCorr   .          Rampage  .   (no gloves)
Will    .....                   (no boots)
Stlth   ++........              (no amulet)
HPRegen 0.04/turn               (no ring)
MPRegen 0.08/turn               (no ring)

@: no status effects
A: (nimble swimmer 2), mertail
a: no special abilities


You were on level 1 of the Dungeon.
You visited 1 branch of the dungeon, and saw 1 of its levels.

You collected 18 gold pieces.

Inventory:

Hand Weapons
 c - a +0 dagger (weapon)
Armour
 a - a +0 robe (worn)
Scrolls
 b - a scroll of torment {unknown}
 e - a scroll of identify {unknown}
Potions
 d - a potion of brilliance {unknown}


   Skills:
 + Level 0.4 Fighting
 - Level 2.6 Dodging
 - Level 2.1 Stealth
 + Level 2.1 Spellcasting
 + Level 4.0 Summonings


You had 3 spell levels left.
You knew the following spells:

 Your Spells              Type           Power      Damage    Failure   Level
a - Summon Small Mammal   Summ           48%        N/A       4%          1

Your spell library contained the following spells:

 Spells                   Type           Power      Damage    Failure   Level
 Call Imp                 Summ           12%        N/A       7%          2
 Call Canine Familiar     Summ           12%        N/A       13%         3
 Summon Guardian Golem    Hex/Summ       7%         N/A       30%         3
 Summon Lightning Spire   Summ/Air       7%         N/A       71%         4


Dungeon Overview and Level Annotations

Branches:
Dungeon (1/15)

Altars:


Innate Abilities, Weirdness & Mutations

((You are very nimble when in or above water. (Stealth+, EV+, Speed+++)))
Your lower body shifts to a powerful aquatic tail in water.


Message History

Your bat closely misses the quokka.
The quokka closely misses you.
Your bat completely misses the quokka.
Unknown command.
You hit the quokka.
The quokka is heavily wounded.
Your bat completely misses the quokka.
The quokka bites you.
* * * LOW HITPOINT WARNING * * *
The quokka barely misses you.
Unknown command.
You hit the quokka.
The quokka is almost dead.
The endoplasm hits your bat. The quokka bites you.
* * * LOW HITPOINT WARNING * * *
Your bat hits the quokka but does no damage.
Unknown command.
Unknown command.
The quokka bites your rat.
Your rat closely misses the quokka.
Casting: Summon Small Mammal (safe; 4% risk of failure)
Confirm with . or Enter, or press ? or * to list all spells.
Your bat disappears in a puff of smoke!
The quokka closely misses your rat.
Your rat barely misses the quokka.
The endoplasm hits you.
* * * LOW HITPOINT WARNING * * *
Unknown command.
The quokka bites your rat.
Your rat dies!
Your rat's corpse disappears in a puff of smoke!
The quokka barely misses your quokka.
Your quokka bites the endoplasm.
The quokka bites your quokka.
The endoplasm closely misses your quokka.
Something misses your quokka. Something closely misses your quokka.
The endoplasm freezes your quokka.
Your quokka is frozen.
Your quokka dies!
Your quokka's corpse disappears in a puff of smoke!
You hit the quokka but do no damage.
The quokka is severely wounded.
The quokka bites you.
You die...

#. #. ## #. .. #.
####.##.# .(......
#...##.###
#...#....# #
#...#..#@#
#.#...#ยง.#r#
#..[..#?.#.#
#.......J..#
#........###.#
#............#
#..#...#.##########
.......#............
##.#.####.#.........


You could see a quokka.

Vanquished Creatures
  A ball python (D:1)
  A rat (D:1)
2 creatures vanquished.

Vanquished Creatures (collateral kills)
  An endoplasm (D:1)
  A goblin (D:1)
2 creatures vanquished.

Grand Total: 4 creatures vanquished

Notes
Turn   | Place    | Note
-------+----------+-------------------------------------------
     0 | D:1      | ZappyNine the Merfolk Summoner began the quest for the Orb.
     0 | D:1      | Reached XP level 1. HP: 13/13 MP: 3/3
   282 | D:1      | Slain by a quokka

Illustrated notes

Levels and vault maps discovered:
D:1:      mainiacjoe_arrival_reflecting_pool, layout_basic,
          serial_park_tiny_pond, wad_floor_pattern_1

Action                   || total
-------------------------++-------
Melee: Dagger            ||    13
       Punch             ||     1
 Cast: Summon Small Mamm ||     6
 Stab: Sleeping          ||     1
Dodge: Dodged            ||    10
